 Dungeon Crawl Stone Soup version 0.28.0-43-g3370ac3207 (webtiles) character file.

Game seed: 12977703979246858358

15 terff the Cudgeller (level 2, 0/22 HPs)
             Began as a Demonspawn Gladiator on Mar 30, 2022.
             Slain by a hobgoblin (3 damage)
             ... on level 1 of the Dungeon.
             The game lasted 00:00:48 (638 turns).

terff the Cudgeller (Demonspawn Gladiator)           Turns: 638, Time: 00:00:49

Health: 0/22       AC:  3    Str: 14    XL:     2   Next: 34%
Magic:  2/2        EV: 12    Int:  9    God:
Gold:   19         SH:  0    Dex: 14    Spells: 1/1 levels left

rFire   . . .      SeeInvis .   a - +0 flail
rCold   . . .      Faith    .   (no shield)
rNeg    . . .      Spirit   .   b - +0 leather armour
rPois   .          Reflect  .   (helmet restricted)
rElec   .          Harm     .   (no cloak)
rCorr   .          Rampage  .   (no gloves)
Will    .....                   (no boots)
Stlth   +.........              (no amulet)
HPRegen 0.07/turn               (no ring)
MPRegen 0.08/turn               (no ring)

@: no status effects
A: antennae 1
a: no special abilities


You were on level 1 of the Dungeon.
You visited 1 branch of the dungeon, and saw 1 of its levels.

You collected 19 gold pieces.

Inventory:

Hand Weapons
 a - a +0 flail (weapon)
Missiles
 d - 3 throwing nets (quivered)
Armour
 b - a +0 leather armour (worn)
 c - a +0 helmet
Scrolls
 e - a scroll of enchant armour {unknown}
 f - 4 scrolls of noise {unknown}


   Skills:
 + Level 2.1 Fighting
 + Level 3.1 Maces & Flails
 + Level 1.8 Throwing
 + Level 2.9 Dodging


You had one spell level left.
You didn't know any spells.
Your spell library was empty.

Dungeon Overview and Level Annotations

Branches:
Dungeon (1/15)

Altars:


Innate Abilities, Weirdness & Mutations

You have a pair of small antennae on your head.


Message History

An endoplasm comes into view.
The bat hits you. x2
You hit the bat but do no damage.
The endoplasm quivers.
The bat closely misses you. x2
You closely miss the bat. The bat barely misses you. x2
The bat hits you but does no damage.
You miss the bat. The bat closely misses you. The bat barely misses you.
A hobgoblin comes into view.
The bat hits you. The bat hits you but does no damage.
A goblin comes into view. It is wielding a +0 dagger.
Found a faded altar of an unknown god.
The goblin shouts!
The bat hits you but does no damage.
The goblin moves out of view.
Found a scroll labelled QEINO ZAWOUS.
The bat hits you but does no damage. The bat misses you.
You barely miss the endoplasm. The bat barely misses you.
The endoplasm misses you.
The hobgoblin shouts!
You hit the endoplasm but do no damage. The bat closely misses you.
The endoplasm freezes you.
You are frozen.
The goblin hits you but does no damage. The endoplasm freezes you.
You are frozen.
The bat hits you but does no damage.
You hit the endoplasm.
The endoplasm is severely wounded.
The bat barely misses you. The goblin hits you with a +0 dagger.
The endoplasm freezes you.
You are frozen.
The goblin hits you with a +0 dagger.
You sock the endoplasm!
You kill the endoplasm!
The bat hits you but does no damage. The goblin hits you with a +0 dagger.
* * * LOW HITPOINT WARNING * * *
The bat closely misses you. The goblin hits you with a +0 dagger.
* * * LOW HITPOINT WARNING * * *
The bat barely misses you. The goblin barely misses you.
The bat closely misses you.
You miss the bat. The bat barely misses you.
You closely miss the hobgoblin. The hobgoblin hits you.
You die...

#>##### #.## #.#...# #...
#.#.#.############
#.#...†......# #
#......#####.# # #....#.# #.#
# #.###### #.##### # #.# #
{#.#.... #.#@# #.#. #.#.### #
#?#g##..... #...#
#...#..g.....# #####
####..........# .# ##
#...##........_. .# #.
#.#.#.........#####.# #.
##.#.###.......# #.#.# #) #
#....#.....#.....#.#.####.
#.###....#.##..#^#.#^#.....##.


You could see a hobgoblin and a goblin.

Vanquished Creatures
  A dart slug (D:1)
  2 endoplasms (D:1)
  A giant cockroach (D:1)
  A kobold (D:1)
  2 quokkas (D:1)
  3 ball pythons (D:1)
  A bat (D:1)
  2 rats (D:1)
13 creatures vanquished.

Notes
Turn   | Place    | Note
-------+----------+-------------------------------------------
     0 | D:1      | terff the Demonspawn Gladiator began the quest for the Orb.
     0 | D:1      | Reached XP level 1. HP: 16/16 MP: 1/1
   344 | D:1      | Reached skill level 3 in Maces & Flails
   392 | D:1      | Gained mutation: You have a pair of small antennae on your
                  | head. [demonic ancestry]
   392 | D:1      | Reached XP level 2. HP: 21/22 MP: 2/2
   627 | D:1      | Found a faded altar of an unknown god.
   638 | D:1      | Slain by a hobgoblin

Illustrated notes

Levels and vault maps discovered:
D:1:      shiori_arrival_maze, layout_basic,
          shapermc_ecumenical_altar_mp_highgroup

Skill      XL: |  1 |
---------------+----+-----
Maces & Flails | 3 |  3.1
Fighting       | |  2.1
Throwing       | |  1.8
Dodging        | |  2.9

Action                   || total
-------------------------++-------
Melee: Flail             ||    53
Armor: Leather armour    ||    23
Dodge: Dodged            ||    66
